 Dungeon Crawl Stone Soup version 0.32-a0-543-gefe97123c3 (webtiles) character file.

Game seed: 12653368661145813674

1767095 Majang the Phalangite (level 27, 217/217 HPs)
             Began as a Coglin Gladiator on Feb 24, 2024.
             Was the Champion of Cheibriados.
             Escaped with the Orb
             ... and 3 runes on Feb 29, 2024!
             The game lasted 08:24:00 (63226 turns).

Majang the Phalangite (Coglin Gladiator)           Turns: 63226, Time: 08:24:01

Health: 217/217    AC: 30    Str: 35      XL:     27
Magic:  32/32      EV: 22    Int: 23 (27) God:    Cheibriados [******]
Gold:   4452       SH:  5    Dex: 33      Spells: 26/26 levels left

rFire   + + .        X - +4 trishula (holy) {Choonhe}
rCold   + + .        J - +6 demon trident (vamp) {Chinhae}
rNeg    + + +        A - +4 gold dragon scales
rPois   +            r - -2 hat of the Alchemist {rElec rPois rF+ rC+ rN+ Will+ rMut rCorr}
rElec   +            Z - +0 cloak "Boiklafa" {rPois SInv}
rCorr   +            k - +3 pair of gauntlets of War {Slay+5}
SInv    +            b - +0 pair of boots of Xom's Scorn {rElec rN+++ Regen+}
Will    ++++.        O - amulet of Lytuox {Reflect rN++ rCorr SH+5} Stlth
                     (ring unavailable)
HPRegen 1.36/turn    (ring unavailable)
MPRegen 0.23/turn

%: reflection, resist mutation
@: studying 4 skills, very slow
A: off-hand wielding, slow wielding, warmup strikes, no rings, strong-willed 1,
weak 1
0: Orb of Zot
}: 3/15 runes: serpentine, barnacled, abyssal
a: Renounce Religion, Bend Time, Temporal Distortion, Slouch, Step From Time


You escaped.
You worshipped Cheibriados.
Cheibriados was exalted by your worship.
You visited 10 branches of the dungeon, and saw 47 of its levels.
You visited the Abyss 1 time.
You visited 1 bazaar.
You also visited: Trove, Gauntlet, Ice Cave and Desolation.

You collected 9206 gold pieces.
You spent 4754 gold pieces at shops.

Inventory:

Hand Weapons
 J - a +6 vampiric demon trident (offhand) {Chinhae}
 P - the +7 bardiche of Avvapeb {flame, rPois Dex+4}
   (You found it on level 3 of the Elven Halls)

   Dex+4:     It affects your dexterity (+4).
   rPois:     It protects you from poison
 X - a +4 trishula of holy wrath (weapon) {Choonhe}
Missiles
 d - 9 throwing nets
 e - 20 javelins
 t - 9 boomerangs (quivered)
 y - 9 silver javelins
 S - 10 curare-tipped darts
Armour
 b - the +0 pair of boots of Xom's Scorn (worn) {rElec rN+++ Regen+}
   (You found it in a treasure trove)

   rElec:     It insulates you from electricity.
   rN+++:     It renders you almost immune to negative energy.
   Regen+:    It increases your rate of health regeneration.
 k - the +3 pair of gauntlets of War (worn) {Slay+5}
   (You found it in the Desolation of Salt)

   Slay+5:    It affects your accuracy & damage with ranged weapons and melee
   (+5).
 r - the -2 hat of the Alchemist (worn) {rElec rPois rF+ rC+ rN+ Will+ rMut rCorr}
   (You found it in the Desolation of Salt)

   rF+:       It protects you from fire.
   rC+:       It protects you from cold.
   rElec:     It insulates you from electricity.
   rPois:     It protects you from poison rN+: It protects you from negative
   energy.
   Will+:     It increases your willpower.
   rCorr:     It protects you from acid and corrosion.
   rMut:      It protects you from mutation.
 A - +4 gold dragon scales (worn)
 B - the +3 crystal plate armour "Nosawk" {rF+ Str+3}
   (You acquired it on level 14 of the Dungeon)

   Str+3:     It affects your strength (+3).
   rF+:       It protects you from fire.
 Z - the +0 cloak "Boiklafa" (worn) {rPois SInv}
   (You acquired it on level 15 of the Dungeon)

   rPois:     It protects you from poison SInv: It lets you see invisible.
Jewellery
 w - an amulet of regeneration
 D - an amulet of the acrobat
 I - the amulet of Quqeun {Reflect rF+ rC+ Int+2 SH+5}
   (You took it off a deep elf high priest on level 3 of the Elven Halls)

   [amulet of reflection]

   Reflect:   It reflects blocked missile attacks.
   Int+2:     It affects your intelligence (+2).
   rF+:       It protects you from fire.
   rC+:       It protects you from cold.
   SH+5:      It affects your SH (+5).
 O - the amulet of Lytuox (around neck) {Reflect rN++ rCorr SH+5}
   (You bought it in a shop on level 1 of the Snake Pit)

   [amulet of reflection]

   Reflect:   It reflects blocked missile attacks.
   rN++:      It greatly protects you from negative energy.
   rCorr:     It protects you from acid and corrosion.
   SH+5:      It affects your SH (+5).
Wands
 l - a wand of paralysis (56)
 o - a wand of polymorph (30)
 s - a wand of digging (4)
 C - a wand of flame (127)
 N - a wand of mindburst (26)
 R - a wand of iceblast (17)
 T - a wand of quicksilver (37)
Scrolls
 a - a scroll of brand weapon
 c - 18 scrolls of teleportation
 i - 4 scrolls of butterflies
 j - 6 scrolls of fog
 m - 9 scrolls of immolation
 x - 2 scrolls of identify
 Q - 6 scrolls of fear
 W - 2 scrolls of blinking
Potions
 f - 2 potions of heal wounds
 g - 4 potions of attraction
 n - 4 potions of cancellation
 p - 17 potions of curing
 q - 3 potions of resistance
 v - 2 potions of ambrosia
 z - 4 potions of magic
 E - 8 potions of mutation
 K - 5 potions of might
 L - 3 potions of enlightenment
 U - 12 potions of lignification
Miscellaneous
 u - a sack of spiders
 H - a lightning rod (4/4)
 M - a condenser vane


   Skills:
 + Level 17.9 Fighting
 - Level 16.0 Long Blades
 - Level 1.7 Maces & Flails
 * Level 22.0 Polearms
 + Level 17.8 Throwing
 + Level 15.7 Armour
 + Level 15.9 Dodging
 + Level 12.2 Stealth
 - Level 13.0 Invocations
 + Level 21.4 Evocations
 - Level 4.4 Shapeshifting


You had 26 spell levels left.
You didn't know any spells.
Your spell library contained the following spells:

 Spells                   Type           Power      Damage    Failure   Level
 Freeze                   Ice            0%         1d3       85%         1
 Necrotise                Necr           0%         1d4       85%         1
 Sandblast                Erth           0%         2d4       85%         1
 Shock                    Conj/Air       0%         1d3       85%         1
 Sting                    Conj/Alch      0%         1d3       85%         1
 Summon Small Mammal      Summ           0%         N/A       85%         1
 Cigotuvi's Dreadful Rot  Necr/Alch/Air  0%         N/A       94%         2
 Ensorcelled Hibernation  Hex/Ice        0%         N/A       94%         2
 Lesser Beckoning         Tloc           0%         N/A       94%         2
 Mercury Vapours          Alch/Air       0%         N/A       94%         2
 Scorch                   Fire           0%         2d5       94%         2
 Static Discharge         Conj/Air       0%         3-3/arc   94%         2
 Sublimation of Blood     Necr           0%         N/A       94%         2
 Call Canine Familiar     Summ           0%         N/A       99%         3
 Dazzling Flash           Conj/Hex       0%         N/A       99%         3
 Frozen Ramparts          Ice            0%         1d1       99%         3
 Gell's Gravitas          Tloc           0%         N/A       99%         3
 Hailstorm                Conj/Ice       0%         3d5       99%         3
 Passwall                 Erth           0%         N/A       99%         3
 Sigil of Binding         Hex            0%         N/A       99%         3
 Stone Arrow              Conj/Erth      0%         3d7       99%         3
 Swiftness                Air            0%         N/A       99%         3
 Teleport Other           Tloc           0%         N/A       99%         3
 Tukima's Dance           Hex            0%         N/A       99%         3
 Vampiric Draining        Necr           0%         2d6       99%         3
 Volatile Blastmotes      Fire/Tloc      0%         2d10      99%         3
 Airstrike                Air            0%         2d(0-16)  100%        4
 Animate Armour           Summ/Erth      0%         N/A       100%        4
 Brom's Barrelling Bould  Conj/Erth      0%         2d3       100%        4
 Dimensional Bullseye     Hex/Tloc       0%         N/A       100%        4
 Dispel Undead            Necr           0%         3d6       100%        4
 Flame Wave               Conj/Fire      0%         2d4       100%        4
 Ignite Poison            Fire/Alch      0%         N/A       100%        4
 Leda's Liquefaction      Alch/Erth      0%         N/A       100%        4
 Martyr's Knell           Necr/Summ      0%         N/A       100%        4
 Olgreb's Toxic Radiance  Alch           0%         N/A       100%        4
 Passage of Golubria      Tloc           0%         N/A       100%        4
 Petrify                  Alch/Erth      0%         N/A       100%        4
 Sticky Flame             Fire/Alch      0%         2d4       100%        4
 Summon Blazeheart Golem  Fire/Summ      0%         N/A       100%        4
 Summon Lightning Spire   Summ/Air       0%         N/A       100%        4
 Vhi's Electric Charge    Tloc/Air       0%         N/A       100%        4
 Curse of Agony           Necr           0%         N/A       100%        5
 Irradiate                Conj/Alch      0%         3d11      100%        5
 Metabolic Englaciation   Hex/Ice        0%         N/A       100%        5
 Silence                  Hex/Air        0%         N/A       100%        5
 Summon Forest            Summ/Tloc      0%         N/A       100%        5
 Yara's Violent Unravell  Hex/Alch       0%         3d3       100%        5
 Death Channel            Necr           0%         N/A       100%        6
 Eringya's Noxious Bog    Alch           0%         4d6       100%        6
 Sculpt Simulacrum        Ice/Alch       0%         N/A       100%        6
 Starburst                Conj/Fire      0%         6d3       100%        6
 Summon Cactus Giant      Summ           0%         N/A       100%        6
 Enfeeble                 Hex            0%         N/A       100%        7
 Haunt                    Necr/Summ      0%         N/A       100%        7
 Malign Gateway           Summ/Tloc      0%         N/A       100%        7
 Orb of Destruction       Conj           0%         9d5       100%        7
 Ozocubu's Refrigeration  Ice            0%         4d7       100%        7
 Spellforged Servitor     Conj/Summ      0%         N/A       100%        7
 Summon Hydra             Summ           0%         N/A       100%        7
 Borgnjor's Revivificati  Necr           0%         N/A       100%        8
 Ignition                 Fire           0%         3d3       100%        8
 Lehudib's Crystal Spear  Conj/Erth      0%         10d2      100%        8
 Maxwell's Capacitive Co  Air            0%         ∞         100%        8
 Summon Horrible Things   Summ           0%         N/A       100%        8
 Chain Lightning          Conj/Air       0%         N/A       100%        9
 Death's Door             Necr           0%         N/A       100%        9
 Fire Storm               Conj/Fire      0%         5d1       100%        9
 Polar Vortex             Ice            0%         N/A       100%        9
 Shatter                  Erth           0%         3d5*      100%        9


Dungeon Overview and Level Annotations

Branches:
Dungeon (15/15)            Temple (1/1) D:5            Lair (5/5) D:9
 Shoals (4/4) Lair:3        Snake (4/4) Lair:2        Slime (0/5) Lair:4
    Orc (2/2) D:9             Elf (3/3) Orc:2        Vaults (4/5) D:13
  Crypt (0/3) Vaults:2     Depths (4/4) D:15            Zot (5/5) Depths:4
  IceCv (visited)         Desolation (visited)      Gauntlet (visited)

Altars:
Ashenzari
Cheibriados
Dithmenos
Elyvilon
Fedhas
Gozag
Hepliaklqana
Kikubaaqudgha
Makhleb
Nemelex Xobeh
Okawaru
Qazlal
Ru
Sif Muna
Trog
Uskayaw
Vehumet
Wu Jian
Xom
Yredelemnul
Zin
The Shining One
Beogh
Jiyva
Lugonu

Shops:
D:8 [?   D:9 [(   Orc:1 *   Orc:2 (:[*   Elf:1 [   Elf:3 (   Shoals:3 *
Snake:1 [=   Snake:3 :

Portals:
Hell: Depths:1 Depths:2 Depths:3 Depths:4
Abyss: D:3 Depths:3 Depths:4
Pandemonium: Depths:2
Ziggurat: Depths:4


Innate Abilities, Weirdness & Mutations

You can wield a second weapon in your off-hand.
It takes a long time for you to wield or remove held weapons.
Your first few attacks do less damage.
Your grasper-arms cannot wear rings.
You are strong-willed. (Will+)
You are weak. (Str -2)


Message History

You kill the angel!
Cheibriados appreciates the change of pace.
There is a stone staircase leading up here.
You climb upwards.
There is a stone staircase leading down here.
There is a stone staircase leading up here.
You climb upwards.
There is a stone staircase leading down here.
There is a stone staircase leading up here.
You climb upwards.
There is a stone staircase leading down here.
An Orb Guardian comes into view.
You hit the Orb Guardian but do no damage.
You closely miss the Orb Guardian with your +4 trishula of holy wrath.
You block the Orb Guardian's attack.
You impale the Orb Guardian with your +6 vampiric demon trident!!
The Orb Guardian is moderately wounded.
You hit the Orb Guardian but do no damage.
You block the Orb Guardian's attack.
You impale the Orb Guardian with your +4 trishula of holy wrath!!
The Orb Guardian is severely wounded.
You impale the Orb Guardian with your +6 vampiric demon trident!!
The Orb Guardian closely misses you.
You hit the Orb Guardian with your +6 vampiric demon trident.
You kill the Orb Guardian!
Cheibriados thoroughly appreciates the change of pace.
There is a stone staircase leading up here.
You climb upwards.
There is a stone staircase leading down here.
There is a stone staircase leading up here.
You climb upwards.
There is a stone staircase leading down here.
You see here a +0 short sword.
Aiming: Dig
Press: ? - help, Shift-Dir - straight line A rock wall.
This square is covered in magical glow.
The rock shatters into small pieces.
There is a staircase leading out of the dungeon here.
You have escaped!

#.####.#...#...#...#
#...#####.###.####.# ##### #.#
#.## #.# ####### ##.#
#..###.#########
......####..####.#...........#
.#....##..#..###.####.######.#
.#.##.#.####.##..# #.# #.#
.#.##.#.# #......####.######.##
.#.##.#.# ###..#@#.....##.....#
.(....#.########.####..##.###.#
..........##.# #.# #..##.# #.#
).###..#..##.# #.# ##..##.###.#
..# #..#..##.###.###.#.##....>#
..# #............)#.###.###.###
..###..#.....####.>## ##....#
..........#### #.#.###.##..#
#.###..#..# ##.##.#.###..#


There were no monsters in sight!

Vanquished Creatures
  Frederick (Depths:3)
  3 dread liches (Zot:5)
  6 orbs of fire
  2 ancient liches (Zot:5)
  Mara (Snake:4)
  Mennas (Vaults:4)
  5 juggernauts
  Xtahua (Depths:3)
  3 pandemonium lords
  Josephina (Depths:3)
  Boris (Depths:1)
  A shard shrike (IceCv)
  5 Killer Klowns
  4 caustic shrikes
  A curse toe (Zot:2)
  Margery (Vaults:2)
  14 golden dragons
  the Enchantress (Depths:2)
  A profane servitor (Abyss:4)
  Norris (Vaults:2)
  Nikola (Shoals:1)
  2 bone dragons (Abyss:4)
  The ghost of kush the Tortoise, an adept CoGl of Uskayaw (Vaults:2)
  4 electric golems
  2 hellephants
  A walking crystal tome (Depths:3)
  12 tentacled monstrosities
  3 Brimstone Fiends
  Zenata (Vaults:2)
  A Hell Sentinel (Zot:1)
  29 Orb Guardians
  3 walking earthen tomes
  7 quicksilver dragons
  7 sphinxes
  A walking divine tome (Depths:3)
  A deep elf master archer (Elf:3)
  2 titans
  4 liches
  9 death cobs
  2 deep elf blademasters (Elf:3)
  Polyphemus (Shoals:4)
  7 tentacled starspawn (Abyss:4)
  A kraken (Shoals:3)
  4 tengu reavers
  Agnes (Snake:3)
  12 storm dragons
  A shadow dragon (Zot:4)
  Aizul (Vaults:1)
  Donald (Snake:3)
  9 protean progenitors
  8 nagarajas
  The ghost of Tonuywof the Fencer, an adept BaWr of Cheibriados (D:14)
  6 fire giants
  A daeva (Abyss:4)
  4 draconian monks
  13 frost giants
  9 deep elf sorcerers
  A draconian knight (Zot:4)
  12 vault wardens
  8 draconian scorchers
  2 iron dragons
  4 angels
  4 orc warlords
  An imperial myrmidon (Desolation)
  5 draconian shifters
  2 draconian stormcallers
  6 deep elf elementalists (Elf:3)
  3 balrugs
  A ghost moth (Zot:4)
  9 draconian annihilators
  16 ironbound preservers
  A cacodemon (Abyss:4)
  2 broodmothers (Zot:4)
  A caustic shrike skeleton (Abyss:4)
  6 spriggan defenders
  2 demonspawn blood saints (Depths:4)
  12 very ugly things
  15 stone giants
  3 formless jellyfish
  6 green draconians
  3 halazid warlocks (Desolation)
  An elemental wellspring (Depths:2)
  7 deep elf demonologists (Elf:3)
  6 ironbound thunderhulks
  4 vampire knights
  Azrael (D:12)
  11 dire elephants
  4 lorocyprocas
  A minotaur (Gauntlet)
  9 purple draconians
  7 deep elf death magi
  9 white draconians
  10 yellow draconians
  12 deep elf annihilators
  8 black draconians
  The ghost of Amplified the Basher, a journeyman MDWn of the Shining One (D:12)
  8 red draconians
  13 ettins
  7 merfolk javelineers
  2 crystal guardians (Desolation)
  11 spark wasps
  3 yaktaur captains
  2 blizzard demons
  14 fire dragons
  10 merfolk impalers
  6 deep elf high priests (Elf:3)
  6 ragged hierophants (Desolation)
  5 rakshasas
  Harold (D:10)
  15 ice dragons
  5 hydras
  8 vault guards
  3 ogre magi (Vaults:4)
  4 servants of whispers (Desolation)
  9 peacekeepers
  A jorogumo (Zot:4)
  7 great orbs of eyes
  2 catoblepae
  2 radroaches (Zot:5)
  7 boulder beetles
  8 spriggan air magi
  3 merfolk aquamancers
  2 salamander tyrants (Snake:1)
  13 anacondas
  15 two-headed ogres
  4 merfolk avatars
  2 alligator snapping turtles (Shoals:4)
  9 centaur warriors
  A juggernaut simulacrum (Depths:3)
  Erica (Orc:1)
  36 dancing weapons
  A sphinx zombie (Depths:2)
  5 death yaks
  7 ironbound frosthearts
  6 deep troll shamans
  2 satyrs
  14 deep troll earth magi
  6 spriggan berserkers
  15 thrashing horrors
  17 naga warriors
  4 orc high priests
  14 tengu warriors
  9 naga sharpshooters
  6 vampire magi
  An occultist (Depths:1)
  4 holy swine (Abyss:4)
  9 hell knights
  8 sun demons
  11 shock serpents
  14 deep elf knights
  Nergalle (Orc:2)
  4 skysharks
  7 salamander mystics
  3 wretched stars (Abyss:4)
  A sixfirhy (Abyss:4)
  Lodul (D:13)
  4 iron trolls
  10 skeletal warriors
  42 deep trolls
  22 sea snakes
  7 large abominations
  2 glowing orange brains (Depths:4)
  A quicksilver dragon simulacrum (Depths:3)
  9 mana vipers
  14 ironbound convokers
  A flayed ghost (Depths:4)
  A mana viper (shapeshifter) (Depths:2)
  A spark wasp zombie (Depths:2)
  A kraken simulacrum (Shoals:2)
  6 orange crystal statues
  15 lindwurms
  10 naga ritualists
  6 arcanists
  10 orc knights
  3 steelbarb worms (Zot:3)
  9 deep elf archers
  2 thermic dynamos (Elf:2)
  2 phantasmal warriors
  30 deep elf pyromancers
  4 necromancers
  26 deep elf zephyrmancers
  33 harpies
  4 orc sorcerers
  30 ugly things
  A frost giant zombie (Depths:2)
  2 oklob plants
  5 shining eyes
  13 manticores
  14 fauns
  5 cyclopes
  A shining eye (shapeshifter) (Depths:1)
  18 salamanders
  10 meliai
  28 moths of wrath
  4 merfolk sirens
  22 elephants
  16 naga magi
  An eye of devastation (shapeshifter) (Depths:2)
  3 kobold blastminers
  2 apocalypse crabs (Abyss:4)
  8 guardian serpents
  A torpor snail (Lair:3)
  5 water nymphs
  28 black mambas
  15 vault sentinels
  A titan simulacrum (Depths:3)
  A molten gargoyle (Desolation)
  A smoke demon (Abyss:4)
  A storm dragon simulacrum (Depths:3)
  3 gargoyles
  2 unseen horrors (D:12)
  3 orange demons (Abyss:4)
  22 rime drakes
  19 komodo dragons
  4 kobold demonologists (D:11)
  9 cane toads
  An ice devil (Gauntlet)
  A freezing wraith (Vaults:2)
  A tormentor (Zot:3)
  6 ancient zymes (Abyss:4)
  A guardian mummy (Vaults:4)
  13 yaktaurs
  8 tengu conjurers
  8 trolls
  10 wind drakes
  A hellwing (Abyss:4)
  18 merfolk
  22 polar bears
  50 saltlings
  A silent spectre (Abyss:4)
  7 snapping turtles
  6 hornets
  22 blink frogs
  Grinder (D:6)
  2 hornets (shapeshifter)
  3 glass eyes
  17 dream sheep
  6 raiju (Abyss:4)
  A slime creature (shapeshifter) (Depths:3)
  10 air elementals
  An ettin skeleton (Depths:2)
  22 slime creatures
  Sigmund (D:2)
  A ynoxinul (Abyss:4)
  4 spriggans (Depths:2)
  47 yaks
  5 wyverns
  An alligator snapping turtle simulacrum (Shoals:2)
  2 neqoxecs (Abyss:4)
  32 water elementals
  A golden eye (Orc:1)
  16 humans
  7 fire elementals
  3 vampire mosquitoes (D:14)
  4 steam dragons
  3 wargs (Orc:2)
  7 basilisks
  A chaos spawn (Depths:2)
  Edmund (D:4)
  2 death yak simulacra (Shoals:2)
  A sea snake simulacrum (Shoals:2)
  The ghost of Kiciri the Conjurer, an amateur OpCj (D:5)
  4 hell hounds (D:12)
  41 nagas
  An acid dragon (D:11)
  22 water moccasins
  3 black bears
  19 orc warriors
  6 satyr simulacra (Shoals:2)
  4 laughing skulls
  9 small abominations
  11 ogres
  13 wolves
  2 centaurs
  12 starcursed masses (Abyss:4)
  3 phantoms (D:5)
  7 kobold brigands
  3 earth elementals (Elf:2)
  14 bullfrogs
  2 faun simulacra (Shoals:2)
  3 scorpions
  4 merfolk simulacra (Shoals:2)
  3 wights (D:9)
  A manticore simulacrum (Shoals:2)
  19 killer bees
  3 electric eels
  5 howler monkeys
  2 bombardier beetles
  3 quasits (D:5)
  17 orc priests
  A gnoll bouda (D:7)
  5 jellies
  Terence (D:2)
  3 iguanas
  2 sleepcaps
  Natasha (thrice) (D:2)
  18 orc wizards
  6 hell rats (Lair:5)
  2 centaur simulacra (Shoals:2)
  7 gnolls
  6 adders
  6 white imps
  2 ufetubi (D:7)
  8 dart slugs
  2 ribbon worms
  52 orcs
  7 endoplasms
  5 giant cockroaches
  5 hobgoblins
  A jackal (D:2)
  5 quokkas
  3 ball pythons
  4 bats
  6 frilled lizards
  5 goblins
  33 kobolds
  6 rats
  3 aspiring fleshes (Zot:4)
  A lurking horror (Abyss:4)
  11 starspawn tentacles (Abyss:4)
  4 tentacles (Shoals:3)
2269 creatures vanquished.

Vanquished Creatures (others)
  A fire giant (Depths:4)
  2 draconian knights
  3 deep elf zephyrmancers (Elf:2)
  A rust devil (Zot:1)
  A molten gargoyle (Desolation)
  A kobold demonologist (D:11)
  A hellion (Zot:1)
  A water elemental (Elf:3)
  A small abomination (Zot:1)
  An orc (D:8)
  10 starspawn tentacles (Abyss:4)
  7 tentacles
30 creatures vanquished.

Grand Total: 2299 creatures vanquished

Notes
Turn   | Place    | Note
-------+----------+-------------------------------------------
     0 | D:1      | Majang the Coglin Gladiator began the quest for the Orb.
     0 | D:1      | Reached XP level 1. HP: 16/16 MP: 1/1
   257 | D:1      | Reached skill level 1 in Polearms
   258 | D:1      | Reached XP level 2. HP: 22/22 MP: 2/2
  1024 | D:2      | Reached XP level 3. HP: 28/28 MP: 3/3
  1044 | D:2      | Noticed Terence
  1048 | D:2      | Killed Terence
  1049 | D:2      | Reached skill level 2 in Polearms
  1098 | D:2      | Reached XP level 4. HP: 34/34 MP: 4/4
  1108 | D:2      | You fall into a shaft and drop 2 floors!
  1184 | D:4      | Reached skill level 3 in Polearms
  1228 | D:3      | Found a large runed translucent door.
  1228 | D:3      | Found a large runed translucent door.
  1229 | D:3      | Found a corrupted altar of Lugonu.
  1255 | D:2      | Noticed Natasha
  1258 | D:2      | Noticed Sigmund
  1264 | D:2      | Killed Natasha
  1265 | D:2      | Reached XP level 5. HP: 28/41 MP: 5/5
  1274 | D:2      | HP: 2/41 [hobgoblin (2)]
  1281 | D:2      | Killed Sigmund
  1282 | D:2      | Reached skill level 4 in Polearms
  1282 | D:2      | Reached XP level 6. HP: 23/48 MP: 6/6
  1490 | D:2      | Noticed Natasha
  1494 | D:2      | Killed Natasha
  1746 | D:2      | Noticed Natasha
  1753 | D:2      | Killed Natasha
  1807 | D:3      | Found a faded altar of an unknown god.
  2200 | D:3      | Found a one-way gate to the infinite horrors of the Abyss.
  2547 | D:4      | Reached skill level 5 in Polearms
  2553 | D:4      | Reached XP level 7. HP: 50/55 MP: 7/7
  2607 | D:4      | Noticed Edmund
  2628 | D:4      | Killed Edmund
  2629 | D:4      | Reached skill level 1 in Evocations
  2752 | D:4      | Reached skill level 1 in Armour
  2922 | D:5      | Entered Level 5 of the Dungeon
  2922 | D:5      | Noticed a hornet
  2933 | D:5      | Killed a hornet
  2934 | D:5      | Reached skill level 1 in Maces & Flails
  2934 | D:5      | Reached skill level 1 in Stealth
  2934 | D:5      | Reached XP level 8. HP: 48/61 MP: 8/8
  2998 | D:5      | Found a staircase to the Ecumenical Temple.
  3006 | Temple   | Entered the Ecumenical Temple
  3022 | Temple   | Became a worshipper of Cheibriados the Contemplative
  3048 | D:5      | Identified the +11 falchion of Finukuj {freeze, rElec
                  | Will+}
  3067 | D:5      | Reached skill level 5 in Fighting
  3106 | D:5      | Reached skill level 6 in Polearms
  3290 | D:5      | Noticed Kiciri's ghost (amateur OpCj)
  3296 | D:5      | Found a transporter.
  3437 | D:5      | Found a transporter.
  3460 | D:5      | Killed Kiciri's ghost
  3461 | D:5      | Reached XP level 9. HP: 63/68 MP: 9/9
  3507 | D:5      | Reached * piety under Cheibriados
  3534 | D:6      | Noticed Grinder
  3537 | D:6      | Killed Grinder
  3538 | D:6      | Reached skill level 1 in Invocations
  3816 | D:6      | Identified the +6 spear "Tutheag" {venom, rPois Will+}
  3840 | D:6      | Found a glowing silver altar of Zin.
  3840 | D:6      | Found a radiant altar of Vehumet.
  3840 | D:6      | Found a sparkling altar of Nemelex Xobeh.
  3897 | D:6      | Reached skill level 1 in Shapeshifting
  4155 | D:7      | Noticed a hornet
  4164 | D:7      | Killed a hornet
  4222 | D:7      | Reached ** piety under Cheibriados
  4269 | D:7      | Found a sacrificial altar of Ru.
  4549 | D:7      | Identified the +6 chain mail "Kavaxt" {rPois Will+ Int+3
                  | Dex+3}
  4946 | D:7      | Found a blossoming altar of Fedhas.
  5070 | D:8      | Found Kaaps's Antique Armour Emporium.
  5154 | D:8      | Reached XP level 10. HP: 76/76 MP: 11/11
  5204 | D:8      | Bought a runed helmet for 225 gold pieces
  5245 | D:8      | Reached *** piety under Cheibriados
  5246 | D:8      | Reached skill level 5 in Long Blades
  5364 | D:8      | Found a shadowy altar of Dithmenos.
  5365 | D:8      | Found Yrugoenk's Magic Scroll Shoppe.
  5371 | D:8      | Bought a scroll of teleportation for 42 gold pieces
  5371 | D:8      | Bought a scroll of revelation for 105 gold pieces
  5371 | D:8      | Bought a scroll of identify for 28 gold pieces
  5371 | D:8      | Bought a scroll of identify for 28 gold pieces
  5411 | D:8      | Found an ornate altar of the Wu Jian Council.
  5510 | D:8      | Found a bloodstained altar of Trog.
  5512 | D:8      | Found a burning altar of Makhleb.
  5869 | D:9      | Reached skill level 7 in Polearms
  6278 | D:9      | Reached **** piety under Cheibriados
  6307 | D:9      | Found Ohorroot's Armour Shoppe.
  6423 | D:9      | Found Xyhael's Weapon Shoppe.
  6425 | D:9      | Found a staircase to the Orcish Mines.
  6551 | D:9      | Noticed a two-headed ogre
  6556 | D:9      | Killed a two-headed ogre
  6557 | D:9      | Reached skill level 5 in Evocations
  6576 | D:9      | HP: 3/76 [yak (10)]
  6862 | D:9      | Found a staircase to the Lair.
  7284 | Orc:1    | Entered Level 1 of the Orcish Mines
  7296 | Orc:1    | Noticed Erica
  7299 | Orc:1    | Killed Erica
  7300 | Orc:1    | Reached skill level 5 in Dodging
  7300 | Orc:1    | Reached XP level 11. HP: 83/83 MP: 11/13
  7307 | Orc:1    | Noticed an orc sorcerer
  7312 | Orc:1    | Killed an orc sorcerer
  7363 | Lair:1   | Entered Level 1 of the Lair of Beasts
  7478 | Lair:1   | Reached skill level 8 in Polearms
  7680 | Lair:1   | Reached ***** piety under Cheibriados
  8426 | Lair:2   | Reached XP level 12. HP: 91/91 MP: 14/14
  8469 | Lair:2   | Identified the +2 pair of gloves of the Scribe {rPois
                  | Will+++ Str-4 Stlth-}
  8537 | Lair:2   | Found a staircase to the Snake Pit.
  8596 | Lair:2   | Reached skill level 9 in Polearms
  8701 | Lair:2   | Reached skill level 5 in Armour
  8735 | Lair:2   | Reached skill level 5 in Throwing
  8828 | Lair:2   | Identified the serpent talisman "Oranil" {rElec Int+2 SInv}
  9003 | Lair:3   | Reached ****** piety under Cheibriados
  9078 | Lair:3   | Noticed a death yak
  9091 | Lair:3   | Killed a death yak
  9276 | Lair:3   | Noticed a boulder beetle
  9286 | Lair:3   | Killed a boulder beetle
  9444 | Lair:3   | Reached XP level 13. HP: 98/98 MP: 16/16
  9603 | Lair:3   | Found a staircase to the Shoals.
  9604 | Lair:3   | Identified the +2 whip of Peromaub {antimagic, rElec rPois
                  | Will+}
  9755 | Lair:3   | Reached skill level 10 in Polearms
 10251 | Lair:4   | Reached skill level 5 in Invocations
 10530 | Lair:4   | Found a viscous altar of Jiyva.
 10724 | Lair:4   | Reached skill level 10 in Long Blades
 11255 | Lair:4   | Found a staircase to the Slime Pits.
 11321 | Lair:5   | Entered Level 5 of the Lair of Beasts
 11413 | Lair:5   | Reached XP level 14. HP: 106/106 MP: 18/18
 11738 | Lair:5   | Reached skill level 11 in Polearms
 12428 | Lair:5   | Identified the +1 trident of a Labyrinth {flame, +Blink rC+
                  | rN+ SInv}
 12792 | Orc:1    | Found Jeixyqei's General Store.
 12899 | Orc:1    | Noticed Maurice
 12900 | Orc:1    | Maurice changed into Maurice the golden eye
 12900 | Orc:1    | Noticed Maurice
 12904 | Orc:1    | Killed Maurice the golden eye
 12919 | Orc:1    | Found a roughly hewn altar of Beogh.
 13023 | Orc:2    | Entered Level 2 of the Orcish Mines
 13063 | Orc:2    | Noticed an orc warlord
 13076 | Orc:2    | Killed an orc warlord
 13077 | Orc:2    | Reached skill level 10 in Evocations
 13229 | Orc:2    | Found a staircase to the Elven Halls.
 13469 | Orc:2    | Noticed an orc warlord
 13510 | Orc:2    | Killed an orc warlord
 14017 | Orc:2    | Noticed Nergalle
 14023 | Orc:2    | Killed Nergalle
 14236 | Orc:2    | Reached XP level 15. HP: 90/113 MP: 19/19
 14323 | Orc:2    | Found a roughly hewn altar of Beogh.
 14325 | Orc:2    | Found Hecexty's Antique Weapon Shop.
 14410 | Orc:2    | Found Xorob's Book Shop.
 14424 | Orc:2    | Found Haikoeta's General Store.
 14441 | Orc:2    | Found Uraewk's Antique Armour Shop.
 14448 | Orc:2    | Bought a faintly glowing helmet for 218 gold pieces
 14448 | Orc:2    | Identified the +0 helmet of Dompinyb {-Cast Str+5} (You
                  | bought it in a shop on level 2 of the Orcish Mines)
 14958 | D:10     | Entered Level 10 of the Dungeon
 14979 | D:10     | Identified the ring of Sybion {rPois rF+ Dex+6}
 15122 | D:10     | Noticed Harold
 15133 | D:10     | Killed Harold
 15595 | D:10     | Identified the +9 sling of the Unliving {flame, rN+ Will+++
                  | Str+4}
 17211 | D:12     | Noticed Azrael
 17219 | D:12     | Killed Azrael
 17452 | D:12     | Found a runed translucent gate.
 17452 | D:12     | Found a runed translucent gate.
 17455 | D:12     | Found a runed translucent gate.
 17455 | D:12     | Noticed Amplified's ghost (journeyman MDWn)
 17479 | D:12     | Reached skill level 12 in Polearms
 17490 | D:12     | Killed Amplified's ghost
 17590 | D:12     | Identified the +8 scimitar of the Bedazzling Fox {venom,
                  | rC++}
 18289 | Snake:1  | Entered Level 1 of the Snake Pit
 18290 | Snake:1  | Found Lip Asoe's Jewellery Emporium.
 18445 | Snake:1  | Found a flickering gateway to a bazaar.
 18455 | Bazaar   | Entered a bazaar
 18457 | Bazaar   | Found Uroruy's Jewellery Shoppe.
 18465 | Bazaar   | Found Jouddam's Weapon Shoppe.
 18492 | Bazaar   | Found Vugarcha's General Store.
 18501 | Bazaar   | Found Fanutwutt's Magic Scroll Boutique.
 18509 | Bazaar   | Bought a scroll of teleportation for 27 gold pieces
 18509 | Bazaar   | Bought a scroll of noise for 9 gold pieces
 18509 | Bazaar   | Bought a scroll of teleportation for 27 gold pieces
 18509 | Bazaar   | Bought a scroll of noise for 9 gold pieces
 18518 | Bazaar   | Bought a potion of curing for 21 gold pieces
 18518 | Bazaar   | Bought a potion of attraction for 21 gold pieces
 18518 | Bazaar   | Bought a lightning rod (4/4) for 280 gold pieces
 18534 | Bazaar   | Bought the ring "Edofamik" {rElec rC+ Str+2 Dex+2} for 284
                  | gold pieces
 18965 | Snake:1  | Found Piwanis's Antique Armour Shoppe.
 18978 | Snake:1  | Bought a pair of embroidered gloves for 157 gold pieces
 18994 | Snake:1  | Bought a ring of flight for 332 gold pieces
 19568 | Snake:1  | Identified the staff of Nolo Contendere {rF+ Dex+5 Fire}
 19633 | Snake:1  | Bought a ring of see invisible for 285 gold pieces
 20319 | Snake:2  | Reached XP level 16. HP: 122/122 MP: 21/21
 20722 | Snake:2  | Reached skill level 10 in Fighting
 21023 | Snake:2  | Noticed a nagaraja
 21031 | Snake:2  | Killed a nagaraja
 22134 | Snake:3  | Found Uggarphon's Book Shoppe.
 22171 | Snake:3  | Found a glacial archway.
 22196 | IceCv    | Entered an ice cave
 22506 | IceCv    | Noticed a shard shrike
 22522 | IceCv    | Killed a shard shrike
 22527 | IceCv    | Reached skill level 13 in Polearms
 22600 | IceCv    | Found the +18 shield of the Gong {Loud rN+ Will+ rCorr
                  | EV-5}
 23880 | Snake:3  | Identified the +0 robe "Bofub" {Dex+3 SInv}
 23904 | Snake:4  | Entered Level 4 of the Snake Pit
 23910 | Snake:4  | Reached XP level 17. HP: 129/129 MP: 22/22
 23919 | Snake:4  | Noticed Agnes
 23928 | Snake:3  | Killed Agnes
 24375 | Snake:4  | Found a shimmering altar of Xom.
 24410 | Snake:4  | Noticed Donald
 24422 | Snake:3  | Killed Donald
 25046 | Snake:4  | Noticed Mara
 25061 | Snake:4  | Killed Mara
 26240 | Snake:4  | Reached skill level 14 in Polearms
 26360 | Snake:4  | Reached XP level 18. HP: 119/138 MP: 24/24
 26448 | Snake:4  | Got a serpentine rune of Zot
 26713 | Lair:1   | Upgraded the game from 0.32-a0-460-gc8eefc90e7 to
                  | 0.32-a0-481-g9ce6b883f8
 26775 | D:8      | Bought a scroll of teleportation for 42 gold pieces
 26775 | D:8      | Bought a scroll of enchant weapon for 105 gold pieces
 26775 | D:8      | Bought a scroll of revelation for 105 gold pieces
 26855 | Orc:1    | Bought a scroll of enchant armour for 120 gold pieces
 26959 | Shoals:1 | Entered Level 1 of the Shoals
 27613 | Shoals:1 | Noticed Nikola
 27624 | Shoals:1 | Killed Nikola
 27946 | Shoals:2 | Reached skill level 10 in Dodging
 28853 | Shoals:2 | HP: 3/138 [water nymph/the raging water (36)]
 28877 | Shoals:2 | Found a runed translucent gate.
 28877 | Shoals:2 | Found a runed translucent gate.
 28877 | Shoals:2 | Found a runed translucent gate.
 29635 | Shoals:3 | Found Waalaep Soko's General Store.
 29836 | Shoals:3 | Bought a potion of enlightenment for 60 gold pieces
 29887 | Shoals:3 | Identified a scroll of acquirement
 29888 | Shoals:3 | Acquired 579 gold pieces
 30772 | Shoals:4 | Entered Level 4 of the Shoals
 31063 | Shoals:4 | Paralysed by an air elemental for 1 turns
 31492 | Shoals:4 | Reached skill level 15 in Long Blades
 31705 | Shoals:4 | Paralysed by an air elemental for 1 turns
 31708 | Shoals:4 | Paralysed by an air elemental for 1 turns
 32463 | Shoals:4 | Paralysed by an air elemental for 1 turns
 32667 | Shoals:4 | Reached XP level 19. HP: 135/145 MP: 25/25
 32685 | Shoals:4 | Noticed Polyphemus
 32697 | Shoals:4 | Killed Polyphemus
 32703 | Shoals:4 | Reached skill level 10 in Throwing
 32805 | Shoals:4 | Identified the +7 great sword of the Final Decision {heavy,
                  | rPois rF+ Dex+2}
 32810 | Shoals:4 | Got a barnacled rune of Zot
 32893 | Shoals:4 | Reached skill level 10 in Armour
 33777 | Snake:1  | Bought the amulet of Lytuox {Reflect rN++ rCorr SH+5} for
                  | 1008 gold pieces
 33913 | D:13     | Noticed Lodul
 33913 | D:13     | Found a gate to the Vaults.
 33952 | D:12     | Reached skill level 15 in Polearms
 33996 | D:13     | Killed Lodul
 34235 | D:13     | Acquired 1014 gold pieces
 34525 | D:13     | Identified the +0 leather armour of the Crypt {Str+2}
 34602 | D:14     | Found a gate leading to a gauntlet.
 34609 | Gauntlet | Entered a Gauntlet
 34609 | Gauntlet | Found a transporter.
 34609 | Gauntlet | Found a transporter.
 34609 | Gauntlet | Found a transporter.
 34610 | Gauntlet | Found a transporter.
 34611 | Gauntlet | Found a transporter.
 34614 | Gauntlet | Found a transporter.
 34632 | Gauntlet | Found a transporter.
 34632 | Gauntlet | Found a transporter.
 34634 | Gauntlet | Found a transporter.
 34635 | Gauntlet | Found a transporter.
 34653 | Gauntlet | Found a transporter.
 34659 | Gauntlet | Found a transporter.
 34910 | Gauntlet | Got Sif Muna's Guidebook on the Lapidary Glacier
 35154 | Gauntlet | Identified the +0 robe of Majestic Birdsong {*Corrode rC++}
 35183 | D:14     | Acquired the +3 crystal plate armour "Nosawk" {rF+ Str+3}
 35333 | D:14     | Found the +10 tower shield of Ignorance {rN+ Int-4}
 35339 | D:14     | Found a runed translucent door.
 35643 | D:14     | Found a runed translucent door.
 35692 | D:14     | Noticed Tonuywof's ghost (adept BaWr)
 35692 | D:14     | Identified the +1 great mace of Magnificence {flame, ^Drain
                  | rN+ Dex+3}
 35694 | D:14     | Found a transporter.
 35698 | D:14     | Found a transporter.
 35750 | D:14     | Killed Tonuywof's ghost
 36309 | D:15     | Entered Level 15 of the Dungeon
 36450 | D:15     | Acquired the +0 cloak "Boiklafa" {rPois SInv}
 36528 | D:15     | Found a staircase to the Depths.
 37012 | D:15     | Found a glowing golden altar of the Shining One.
 37508 | Elf:1    | Entered Level 1 of the Elven Halls
 37545 | Elf:1    | Paralysed by an air elemental for 1 turns
 37850 | Elf:1    | Reached XP level 20. HP: 153/153 MP: 27/27
 37894 | Elf:1    | Found Qosauk's Antique Armour Emporium.
 37914 | Elf:1    | Bought a pair of runed boots for 172 gold pieces
 37943 | Elf:1    | Identified the +8 rapier "Giantbane" {flame, rF+ Will+}
 38856 | Elf:2    | Found a large runed translucent door.
 38856 | Elf:2    | Found a large runed translucent door.
 38883 | Elf:2    | Found a large runed translucent door.
 38883 | Elf:2    | Found a large runed translucent door.
 39188 | Elf:2    | Paralysed by an air elemental for 1 turns
 39235 | Elf:2    | Reached skill level 15 in Evocations
 39320 | Elf:2    | Got the Codex of Sympathetic Percussion
 39734 | Elf:2    | Reached skill level 16 in Polearms
 40159 | Vaults:1 | Entered Level 1 of the Vaults
 40194 | Vaults:1 | Found a crumbling gateway.
 40219 | Desolati | Entered the Desolation of Salt
 40345 | Desolati | Found the +3 pair of gauntlets of War {Slay+5}
 40349 | Desolati | Found the -2 hat of the Alchemist {rElec rPois rF+ rC+ rN+
                  | Will+ rMut rCorr}
 40368 | Desolati | Got the Folio of Coarse Frost
 40370 | Desolati | Got the Encyclopedia of the Unlucky Mortuary
 40374 | Desolati | Identified the +3 battleaxe of the Heavens {venom, rElec
                  | rN+++ Str-5}
 40572 | Desolati | Reached skill level 10 in Invocations
 40584 | Desolati | Identified the ring "Jizuddiq" {+Blink rElec rPois rCorr}
 40585 | Desolati | Identified the ring "Rorphoj" {Wiz Will++}
 40591 | Desolati | Identified the +5 falchion "Sarec" {speed, MP+9 Int+4
                  | Stlth+}
 40626 | Desolati | Identified the ring "Fuipha" {rPois rF- rC+ MP+9 Str+4}
 40668 | Desolati | Reached XP level 21. HP: 123/162 MP: 22/28
 41284 | Vaults:1 | Identified the +0 robe of the Morning {rElec Archmagi}
 41895 | Vaults:1 | Identified the serpent talisman of Vexation {rElec}
 41895 | Vaults:1 | Noticed Aizul
 41905 | Vaults:1 | Killed Aizul
 42123 | Vaults:2 | Noticed Zenata
 42134 | Vaults:2 | Killed Zenata
 42143 | Vaults:2 | Noticed Norris
 42153 | Vaults:2 | Killed Norris
 42247 | Vaults:2 | Reached skill level 5 in Stealth
 42466 | Vaults:2 | Noticed Margery
 42483 | Vaults:2 | Killed Margery
 42906 | Vaults:2 | Found a runed translucent gate.
 42906 | Vaults:2 | Found a runed translucent gate.
 42907 | Vaults:2 | Found a runed translucent gate.
 42907 | Vaults:2 | Identified the +0 plate armour of Parsimonious Birdsong
                  | {Str+3 Stlth+}
 42907 | Vaults:2 | Noticed kush's ghost (adept CoGl)
 42912 | Vaults:2 | Found a roughly hewn altar of Beogh.
 43014 | Vaults:2 | Identified the +9 whip "Eshyibas" {flame, Fly rF+}
 43044 | Vaults:2 | Reached skill level 17 in Polearms
 43135 | Vaults:2 | Reached XP level 22. HP: 170/170 MP: 29/29
 43742 | Vaults:2 | Found a staircase to the Crypt.
 43956 | Vaults:2 | Killed kush's ghost
 45374 | Vaults:4 | Noticed Mennas
 45411 | Vaults:4 | Killed Mennas
 45618 | Vaults:4 | Identified the +5 flail "Noesod" {distort, MP+9 Dex+2}
 46264 | Vaults:4 | Found a portal to a secret trove of treasure.
 46489 | D:9      | Bought a +1 crystal plate armour for 1044 gold pieces
 46765 | Vaults:4 | You paid a toll of a +1 crystal plate armour to enter a
                  | treasure trove
 46766 | Trove    | Entered a treasure trove
 46768 | Trove    | Found the +3 warlock's mirror {omnireflect}
 46777 | Trove    | Identified the +0 buckler of a Labyrinth {Str+2}
 46778 | Trove    | Identified the +0 pair of boots of Xom's Scorn {rElec rN+++
                  | Regen+}
 46790 | Trove    | Identified the +8 chain mail "Wemef" {Harm Regen+ Str-5
                  | Int+9}
 46793 | Trove    | Identified the +3 plate armour of Good Intentions {rN++}
 46796 | Trove    | Identified the +1 ring mail of Serendipity {rPois SInv
                  | Stlth-}
 46799 | Trove    | Identified the +1 pair of boots of Asceticism {Regen+
                  | Int+2}
 46800 | Trove    | Identified the +2 pair of gloves of the Comet {^Contam Fly
                  | rPois Dex-5 Stlth+}
 46801 | Trove    | Identified the +2 pair of gloves "Otaj" {rF+ Str+5 Dex-5}
 46802 | Trove    | Identified the +0 chain mail of the Loofah {Dex+4}
 48055 | Depths:1 | Entered Level 1 of the Depths
 48083 | Depths:1 | Reached XP level 23. HP: 178/178 MP: 31/31
 48184 | Depths:1 | Identified the +3 robe "Fiejemud" {rPois}
 48184 | Depths:1 | Noticed Boris
 48191 | Depths:1 | Killed Boris
 48460 | Depths:1 | Found a gateway to Hell.
 48530 | Depths:1 | Reached skill level 18 in Polearms
 48862 | Depths:2 | Found a shadowy altar of Dithmenos.
 48886 | Depths:2 | Identified the +4 great mace of Destiny {drain, *Rage rElec
                  | Dex+3}
 49364 | Depths:2 | Found a one-way gate leading to the halls of Pandemonium.
 49746 | Depths:2 | Noticed a golden dragon
 49760 | Depths:2 | Killed a golden dragon
 49777 | Depths:2 | Noticed a golden dragon
 49828 | Depths:2 | Killed a golden dragon
 49983 | Depths:2 | Noticed the Enchantress
 49984 | Depths:2 | Identified the staff of Recklessness {rElec rC+ rCorr Int+3
                  | Ice Air}
 49984 | Depths:2 | Noticed a caustic shrike
 49988 | Depths:2 | Killed the Enchantress
 49988 | Depths:2 | Killed a caustic shrike
 49991 | Depths:2 | Noticed a juggernaut
 49992 | Depths:2 | Noticed a golden dragon
 50005 | Depths:2 | Killed a juggernaut
 50008 | Depths:2 | Killed a golden dragon
 50084 | Depths:2 | Noticed a caustic shrike
 50096 | Depths:2 | Killed a caustic shrike
 50097 | Depths:2 | Reached XP level 24. HP: 168/187 MP: 27/31
 50122 | Depths:2 | Got the Secrets of Rot and the Compass
 50153 | Depths:2 | Identified the +0 halberd "Usephar" {flame, +Blink}
 50675 | Depths:3 | Noticed a juggernaut
 50686 | Depths:3 | Killed a juggernaut
 50687 | Depths:3 | Reached skill level 15 in Fighting
 50760 | Depths:3 | Identified the orb of Action {*channel, Str+2}
 50760 | Depths:3 | Noticed Frederick
 50768 | Depths:3 | Killed Frederick
 51131 | Depths:3 | Noticed a juggernaut
 51131 | Depths:3 | Noticed Xtahua
 51132 | Depths:3 | Identified the ring of Juur {Ice Fly MP+9}
 51132 | Depths:3 | Noticed Josephina
 51393 | Depths:3 | Noticed a juggernaut
 51403 | Depths:3 | Killed a juggernaut
 51441 | Depths:3 | Noticed a juggernaut
 51454 | Depths:3 | Killed a juggernaut
 51645 | Depths:3 | Identified the staff "Nasoren" {rPois rF++ SInv Stlth+
                  | Alchemy}
 51647 | Depths:3 | Identified the +1 rapier of Greed {speed, *Noise rC+ Dex+4}
 51658 | Depths:3 | Noticed a caustic shrike
 51675 | Depths:3 | Killed a caustic shrike
 51730 | Depths:3 | Killed a juggernaut
 51755 | Depths:3 | Reached skill level 19 in Polearms
 51797 | Depths:3 | Killed Josephina
 51865 | Depths:3 | Acquired 645 gold pieces
 51868 | Depths:3 | Noticed a caustic shrike
 51874 | Depths:3 | Killed a caustic shrike
 52037 | Depths:3 | Killed Xtahua
 52338 | Depths:3 | Identified the +1 robe of the Eternal Void {Archmagi}
 52595 | Depths:3 | Upgraded the game from 0.32-a0-481-g9ce6b883f8 to
                  | 0.32-a0-543-gefe97123c3
 52721 | Depths:4 | Entered Level 4 of the Depths
 52763 | Depths:4 | Found a one-way gateway to a ziggurat.
 52831 | Depths:4 | Reached XP level 25. HP: 182/195 MP: 32/32
 53364 | Depths:4 | Found a corrupted altar of Lugonu.
 53732 | Depths:4 | Found a gate to the Realm of Zot.
 54159 | Elf:3    | Entered Level 3 of the Elven Halls
 54159 | Elf:3    | Found Rugug's Weapon Emporium.
 54198 | Elf:3    | Paralysed by an air elemental for 1 turns
 54228 | Elf:3    | Reached skill level 15 in Throwing
 55253 | Elf:3    | Identified the +11 mace of Infinity {flame, SInv}
 55253 | Elf:3    | Identified the +1 robe of Oblivion {rPois Regen+ Int-2
                  | Dex+3}
 55324 | Elf:3    | Identified the +6 mace "Deiqoet" {spect, rF+ Str+3}
 55324 | Elf:3    | Identified the amulet of Quqeun {Reflect rF+ rC+ Int+2
                  | SH+5}
 55609 | Elf:3    | Identified the +3 trident "Zify Jiw" {flame, Str+3 SInv}
 55611 | Abyss:3  | Cast into level 3 of the Abyss (a deep elf sorcerer)
 56288 | Abyss:4  | Reached skill level 20 in Polearms
 56302 | Abyss:4  | Reached XP level 26. HP: 191/205 MP: 32/32
 56331 | Abyss:4  | Reached skill level 10 in Stealth
 56394 | Abyss:4  | Gained mutation: You are strong-willed. (Will+) [a
                  | cacodemon]
 56428 | Abyss:4  | Found a shimmering altar of Xom.
 56436 | Abyss:4  | Got an abyssal rune of Zot
 56448 | Elf:3    | Escaped the Abyss
 56603 | Elf:3    | Identified the ring "Imanoblu" {Ice Str+2 Int-5 Dex+5}
 56712 | Elf:3    | Identified the +7 bardiche of Avvapeb {flame, rPois Dex+4}
 56719 | Elf:3    | Identified the ring "Getzis" {rPois rF+ AC+4 Str-3 Int+4}
 57273 | Zot:1    | Entered Level 1 of the Realm of Zot
 57906 | Zot:2    | Identified the +6 flail of Honour {pain, rElec}
 57995 | Zot:2    | Noticed an orb of fire
 58010 | Zot:2    | Gained mutation: You are weak. (Str -2) [an orb of fire]
 58032 | Zot:1    | Killed an orb of fire
 59026 | Zot:3    | Noticed a Killer Klown
 59039 | Zot:3    | Killed a Killer Klown
 59483 | Zot:3    | Reached skill level 15 in Dodging
 59831 | Zot:4    | Reached XP level 27. HP: 188/213 MP: 32/32
 60454 | Zot:4    | Reached skill level 21 in Polearms
 60886 | Zot:5    | Entered Level 5 of the Realm of Zot
 61135 | Zot:5    | Reached skill level 15 in Armour
 61670 | Zot:5    | Noticed an orb of fire
 61677 | Zot:5    | Killed an orb of fire
 61683 | Zot:5    | Noticed an orb of fire
 61686 | Zot:5    | Noticed an orb of fire
 61697 | Zot:5    | Killed an orb of fire
 61701 | Zot:5    | Killed an orb of fire
 61829 | Zot:5    | Noticed an ancient lich
 61833 | Zot:5    | Killed an ancient lich
 61833 | Zot:5    | Noticed a dread lich
 61844 | Zot:5    | Noticed an orb of fire
 61846 | Zot:5    | Killed a dread lich
 61848 | Zot:5    | Killed an orb of fire
 61849 | Zot:5    | Noticed a dread lich
 61860 | Zot:5    | Killed a dread lich
 62151 | Zot:5    | Noticed an orb of fire
 62163 | Zot:5    | Killed an orb of fire
 62270 | Zot:5    | Noticed a dread lich
 62279 | Zot:5    | Killed a dread lich
 62283 | Zot:5    | Noticed an ancient lich
 62292 | Zot:5    | Killed an ancient lich
 62307 | Zot:5    | Identified the +3 sling of Adoac {heavy, rElec rPois rF+
                  | Int+3}
 62399 | Zot:5    | Got the Orb of Zot
 62562 | Zot:1    | Noticed Rureuneg the pandemonium lord
 62569 | Zot:1    | Killed Rureuneg the pandemonium lord
 62692 | Depths:3 | Noticed Onamaqu the pandemonium lord
 62705 | Depths:3 | Killed Onamaqu the pandemonium lord
 62768 | Depths:2 | Noticed Hucsug the pandemonium lord
 62782 | Depths:2 | Killed Hucsug the pandemonium lord
 62897 | D:14     | Reached skill level 22 in Polearms
 63226 | D:$      | Escaped with the Orb!

Illustrated notes

Levels and vault maps discovered:
D:1:      dpeg_arrival_round_a, layout_loops_ring, st_stairs_2
D:2:      layout_basic, minmay_octomino_j4, uniq_natasha, uniq_terence,
          uniq_sigmund
D:3:      due_chaos_kobolds, layout_basic, nicolae_ecumenical_oubliette
D:4:      layout_rooms, minmay_misc_feat_room, uniq_edmund
D:5:      layout_cave_pools, minmay_temple_entry_ruins,
          gammafunk_ghost_stat_death
D:6:      layout_rooms, gammafunk_temple_overflow_forgotten,
          serial_bayou_crossing, uniq_grinder
D:7:      kennysheep_slugbush, layout_cave_pods,
          mainiacjoe_overflow_large_starburst
D:8:      layout_cave_pools, grunt_dithmenos_smoke,
          chequers_temple_overflow_statue_of_worship,
          mainiacjoe_overflow_tiny_flanked, serial_column_ruins,
          column_ruins_grid_1, column_ruins_open_small,
          column_ruins_open_tiny_water, serial_shops, shop_statue, shop
D:9:      layout_layer_cave, dpeg_oklobed_lair, orc_david_3,
          kennysheep_pointless_box
D:10:     layout_long_grid, nicolae_titane, uniq_harold
D:11:     layout_basic, serial_curves, eino_curves_02, eino_curves_02
D:12:     layout_layer_cave, gammafunk_ghost_hydra_chop, uniq_azrael
D:13:     layout_cave_pools, david_vaults_3
D:14:     layout_basic, nrook_mini_vaults, gauntlet_entry_generic,
          gammafunk_ghost_smash, chequers_guarded_unrand_ignorance, uniq_lodul
D:15:     grunt_enter_depths_snipers, layout_long_grid,
          nicolae_cairo_tiling_large, nicolae_tso_carved_into_rock
Temple:   nicolae_temple_god_jail
Lair:1:   layout_layer_cave
Lair:2:   layout_big_grid, minmay_snake_entry_six_corridors, grunt_megastairs_5
Lair:3:   nzn_winding_woodlands_stair_trap
          [nzn_winding_woodlands_5x15_river_crossing,
          nzn_winding_woodlands_5x15_pool, nzn_winding_woodlands_5x15_eye,
          nzn_winding_woodlands_15x15_boxy_spiral,
          nzn_winding_woodlands_5x15_default, nzn_winding_woodlands_5x15_jagged,
          nzn_winding_woodlands_5x15_split_checker], layout_regular_city,
          shoals_dummy_entry, fungi_pond_lemuel, st_stairs_9,
          guppyfry_lair_drakes
Lair:4:   layout_hall_layers, minmay_slime_entry_oklob_enclosed, st_stairs_9,
          beast_lair_carwin_8, serial_bayou_shore_b
Lair:5:   gammafunk_lair_ancient_temple, layout_cave_pods,
          infiniplex_staircase_pool_2
Shoals:1: nicolae_shoals_offshore_bank_account, layout_shoals, uniq_nikola
Shoals:2: layout_shoals, nicolae_shoals_beach_cooler
Shoals:3: layout_shoals, serial_shops, nicolae_square_shop,
          nicolae_shoals_hidden_pirate_stash
Shoals:4: shoals_end_hellmonk_storm_palace [storm_palace_center_ruins,
          storm_palace_corner_narrow, storm_palace_corner_blocked,
          storm_palace_corner_pillars, storm_palace_corner_pillars],
          uniq_polyphemus
Snake:1:  cheibrodos_snake_lava_hold, layout_basic, serial_shops, freezing_bzr,
          minmay_shoptagon
Snake:2:  layout_onion_interference
Snake:3:  layout_gridlike, portal_ice_cave_entry_pillars_three, serial_shops,
          nicolae_shop_temple_entry_statues_fountains
Snake:4:  grunt_snake_rune_pools, layout_cave_town, basic_altar, eino_curves_02,
          lemuel_fruit_tree, uniq_mara, uniq_agnes, uniq_donald
Orc:1:    layout_diamond_mine, serial_shops, nicolae_shop_trees,
          david_defended_altar_orc, uniq_erica, uniq_maurice
Orc:2:    grunt_orc_cross, layout_caves
Elf:1:    eino_elf_arrival_sip, layout_gridlike, serial_shops, shop, kb_rosetta
Elf:2:    elven_hall_of_blades_hangedman_alternative
          [nicolae_blade_entry_splitting_headache], layout_geoelf_grid,
          minivault_16, minmay_elf_sorcery
Elf:3:    nooodl_elf_gasket, layout_onion_city, serial_shops, shop,
          serial_sigils_hangedman_gut
Vaults:1: portal_desolation_entry_nicolae_nacl, v_misc_15,
          hangedman_vaults_snaps, vaults_dpeg_diagonal,
          nicolae_vaults_closet_pinwheel_6,
          nicolae_vaults_shipping_containers_3, hangedman_vaults_impose,
          hangedman_vaults_stretched_pinwheel, layout_vaults_chaotic_city,
          uniq_aizul
Vaults:2: biasface_ghost_orc_armoury, v_pattern_3,
          nicolae_vaults_little_squares_3, minmay_crypt_entry_simple_round,
          nicolae_vaults_know_your_exits,
          nicolae_vaults_windows_and_doors_thing, vaults_dpeg_spiral, v_misc_23,
          ontoclasm_vaults_idyll, nicolae_vaults_mini_display_case,
          nicolae_vaults_little_squares_3, layout_vaults_quadrants, uniq_norris,
          uniq_zenata, uniq_margery
Vaults:3: ontoclasm_vaults_gateway, nicolae_vaults_door_testing_chamber,
          nicolae_vaults_puzzle_piece, nicolae_vaults_security_offices_1,
          grunt_vaults_funnel, v_misc_28, nicolae_vaults_trapezoid_lopsided_1,
          vaults_standard_mumra_enter_the_diamond, nicolae_vaults_trapezoid_3,
          vaults_room_grid, nicolae_vaults_apartment_1, layout_vaults_omnicross
Vaults:4: v_misc_22, nicolae_vaults_trapezoid_4,
          nicolae_vaults_variable_pillar_hall, v_rooms_6,
          ontoclasm_vaults_fault, v_alt_pattern_6,
          nicolae_vaults_library_corner, nicolae_vaults_diamond_2,
          nicolae_vaults_trapezoid_lopsided_4,
          vaults_room_grunt_arrival_checkpoint, nicolae_vaults_shelves_hall,
          nicolae_vaults_storage_closets_1, hangedman_vaults_locks,
          layout_vaults_maze, nicolae_trove_entry_path_of_doom, uniq_mennas
Depths:1: layout_twisted_cross, hangedman_coc_ice_floe, kennysheep_nondescript,
          minmay_microvault, uniq_boris
Depths:2: gammafunk_depths_water_palace, layout_gridlike, pan_entry,
          basic_altar, grunt_hell_entry_dis_old, infiniplex_staircase_river
Depths:3: box_level_dp, hell_entry, abyss_entry, uniq_xtahua, uniq_josephina,
          uniq_frederick
Depths:4: evilmike_zot_entry_hall, layout_small_grid, enter_ziggurat_d,
          hangedman_geh_valley, abyss_entry_flame_altar, grunt_ministairs_9,
          chequers_jeans
Zot:1:    layout_onion_interference, skrybe_zot_glass_1
Zot:2:    layout_onion, grunt_megastairs_2
Zot:3:    layout_basic
Zot:4:    layout_cathedral_of_symmetry, regret_index_zotdec_onion_hex,
          grunt_megastairs_3
Zot:5:    layout_cellular_growth

Skill      XL: |  1  2  3  4  5  6  7  8  9 10 11 12 13 14 15 16 17 18 19 20 21 22 23 24 25 26 27 |
---------------+----------------------------------------------------------------------------------+-----
Polearms       | 1 2 3 4 5 6 7 8 9 10 11 12 13 14 15 16 17 18 19 20 22 | 22.0
Fighting       | 3 4 5 6 7 8 9 10 11 12 13 14 15 16 17 | 17.9
Evocations     | 2 3 4 5 6 8 9 10 11 12 13 14 15 16 17 18 19 20 21 | 21.4
Dodging        | 3 4 5 6 7 8 9 10 11 12 13 14 15 | 15.9
Armour         | 1 2 3 4 5 6 7 8 9 10 11 12 13 14 15 | 15.7
Maces & Flails | 1 |  1.7
Stealth        | 1 4 5 6 8 9 10 12 | 12.2
Long Blades    | 4 6 7 9 10 11 12 13 14 15 16 | 16.0
Throwing       | 2 3 4 5 6 7 8 9 10 11 12 13 14 15 16 17 | 17.8
Invocations    | 1 2 3 4 5 6 7 8 9 10 11 12 13 | 13.0
Shapeshifting  | 4 |  4.4

Action                     |  1- 3 |  4- 6 |  7- 9 | 10-12 | 13-15 | 16-18 | 19-21 | 22-24 | 25-27 || total
---------------------------+-------+-------+-------+-------+-------+-------+-------+-------+-------++-------
  Melee: Spear             |    66 |   169 |   203 |   298 |   725 |    45 |       |       |       ||  1506
         Long sword        |    15 |       |       |       |       |       |       |       |       ||    15
         Falchion          |       |       |   105 |    92 |   345 |   440 |       |       |       ||   982
         Scimitar          |       |       |       |   207 |   403 |   190 |    44 |       |       ||   844
         Trident           |       |       |       |       |       |   741 |       |       |       ||   741
         Double sword      |       |       |       |       |       |   289 |    20 |       |       ||   309
         Demon trident     |       |       |       |       |       |   102 |  1990 |  2207 |  1195 ||  5494
         Trishula          |       |       |       |       |       |       |       |   127 |  1195 ||  1322
  Throw: Boomerang         |       |       |     6 |     1 |     1 |   156 |   166 |   100 |   229 ||   659
         Javelin           |       |       |       |     4 |       |     7 |     1 |    16 |    21 ||    49
 Invoke: Slouch            |       |       |       |       |     6 |     3 |     6 |     9 |    14 ||    38
         Temporal Distorti |       |       |       |       |       |       |     2 |       |       ||     2
         Bend Time         |       |       |       |       |       |       |       |     1 |       ||     1
         Step From Time    |       |       |       |       |       |       |       |       |     3 ||     3
  Evoke: Wand              |       |       |     4 |     2 |    13 |    13 |     7 |     4 |     7 ||    50
         Lightning rod     |       |       |       |       |       |     2 |       |       |       ||     2
         Condenser vane    |       |       |       |       |       |       |     2 |       |       ||     2
    Use: Potion            |       |     3 |       |     2 |     2 |     7 |       |    11 |     8 ||    33
         Scroll            |       |     6 |     1 |    14 |     9 |    10 |    13 |     5 |     9 ||    67
   Stab: Sleeping          |       |       |       |       |     3 |       |       |       |       ||     3
         Distracted        |       |       |       |       |     2 |     2 |     1 |       |     4 ||     9
 Armour: Leather armour    |    18 |       |       |       |       |       |       |       |       ||    18
         Scale mail        |     7 |    61 |   117 |       |       |       |       |       |       ||   185
         Chain mail        |       |       |    29 |   177 |   386 |   495 |   120 |       |       ||  1207
         Crystal plate arm |       |       |       |       |       |       |   487 |   536 |       ||  1023
         Gold dragon scale |       |       |       |       |       |       |       |   320 |   890 ||  1210
  Dodge: Dodged            |    22 |    35 |    92 |   210 |   624 |   826 |   585 |   702 |   695 ||  3791
         Repelled          |       |       |       |     5 |     7 |    48 |       |       |       ||    60
  Block: Other             |       |       |    17 |    24 |    67 |   160 |   142 |   175 |   154 ||   739
         Reflection        |       |       |     2 |       |    11 |    29 |    28 |     9 |     4 ||    83

Table legend: (Time is in decaauts)
 A = Elapsed time spent in this place.
 B = Non-inter-level travel time spent in this place.
 C = Inter-level travel time spent in this place.
 D = Time resting spent in this place.
 E = Time spent auto-exploring this place.
 F = Levels seen in this place.
 G = Mean time per level.
                   A        B        C        D        E       F      G
               +--------+--------+--------+--------+--------+-----+--------+
         Total |  95947 |  82366 |  13581 |  15047 |   5935 |  54 | 1776.8 |
       Dungeon |  23404 |  18625 |   4779 |   3000 |   1245 |  15 | 1560.3 |
        Temple |     35 |     35 |      0 |      0 |      0 |   1 |   35.0 |
          Lair |  10127 |   8458 |   1669 |    586 |    581 |   5 | 2025.4 |
        Shoals |   9024 |   8111 |    913 |   3035 |    545 |   4 | 2256.0 |
     Snake Pit |  10588 |   9464 |   1124 |   2956 |    615 |   4 | 2647.0 |
  Orcish Mines |   3555 |   2630 |    925 |    579 |    326 |   2 | 1777.5 |
   Elven Halls |   7300 |   6137 |   1163 |   1301 |    753 |   3 | 2433.3 |
        Vaults |   9016 |   7895 |   1121 |    896 |    445 |   4 | 2254.0 |
        Depths |   9995 |   8376 |   1619 |    853 |   1006 |   4 | 2498.8 |
           Zot |   8090 |   7824 |    266 |   1281 |    236 |   5 | 1618.0 |
         Abyss |   1272 |   1272 |      0 |     20 |      0 |   2 |  636.0 |
        Bazaar |    194 |    194 |      0 |      0 |      0 |   1 |  194.0 |
         Trove |     75 |     75 |      0 |      0 |      0 |   1 |   75.0 |
      Ice Cave |   1131 |   1131 |      0 |    246 |     10 |   1 | 1131.0 |
    Desolation |   1258 |   1258 |      0 |    146 |    172 |   1 | 1258.0 |
      Gauntlet |    875 |    875 |      0 |    143 |      0 |   1 |  875.0 |
               +--------+--------+--------+--------+--------+-----+--------+

Top non-repeatable levels by time:
 Snake:2: 3793 daAuts
     D:9: 3705 daAuts
Depths:3: 3553 daAuts
Vaults:2: 3285 daAuts
Depths:2: 3199 daAuts
 Snake:4: 3010 daAuts
Shoals:4: 2729 daAuts
    D:14: 2698 daAuts
Shoals:2: 2621 daAuts
   Elf:3: 2606 daAuts
    D:12: 2555 daAuts
  Lair:3: 2541 daAuts
   Elf:2: 2541 daAuts
   Orc:2: 2274 daAuts
   Elf:1: 2153 daAuts
